 Dungeon Crawl Stone Soup version 0.28-a0-1518-gbe868bca14 (webtiles) character file.

Game seed: 7556186015605156556

1173 chunkyMonkey the Skirmisher (level 8, -2/62 HPs)
             Began as a Mummy Fighter on Jan 17, 2022.
             Was an Initiate of Cheibriados.
             Slain by an elf zombie (4 damage)
             ... in an ossuary.
             The game lasted 00:09:15 (9103 turns).

chunkyMonkey the Skirmisher (Mummy Fighter)         Turns: 9103, Time: 00:09:15

Health: -2/62      AC:  8    Str: 23    XL:     8   Next: 18%
Magic:  13/14      EV:  9    Int:  8    God:    Cheibriados [......]
Gold:   247        SH: 10    Dex: 12    Spells: 12/15 levels left

rFire   x . .      SeeInvis .   a - +0 war axe
rCold   + . .      Faith    .   c - +0 buckler
rNeg    + + +      Spirit   .   b - +0 scale mail
rPois   ∞          Reflect  +   q - +0 helmet
rElec   .          Harm     .   (no cloak)
rCorr   .          Rampage  .   (no gloves)
Will    +....                   (no boots)
Stlth   ..........              m - amulet of reflection
HPRegen 0.20/turn               (no ring)
MPRegen 0.14/turn               (no ring)

@: very slow
A: cold resistance 1, negative energy resistance 3, torment resistance 2, heat
vulnerability 1, no potions
a: Renounce Religion


You were in an ossuary.
You worshipped Cheibriados.
Cheibriados was noncommittal.
You visited 2 branches of the dungeon, and saw 7 of its levels.
You also visited: Ossuary.

You collected 247 gold pieces.

Inventory:

Hand Weapons
 a - a +0 war axe (weapon)
 d - a +0 demon trident
 k - a +2 vorpal mace
Missiles
 g - 15 poisoned darts (quivered)
Armour
 b - a +0 scale mail (worn)
 c - a +0 buckler (worn)
 q - a +0 helmet (worn)
Jewellery
 i - a ring of flight
 m - an amulet of reflection (around neck)
 r - a +6 ring of strength
Wands
 l - a wand of flame (25)
 p - a wand of iceblast (7)
Scrolls
 e - 3 scrolls of identify
 f - 2 scrolls of noise
 h - 2 scrolls of amnesia {unknown}
 j - a scroll of fog {unknown}
 n - 2 scrolls of teleportation {unknown}
 o - a scroll of holy word {unknown}


   Skills:
 * Level 5.2 Fighting
 * Level 3.9 Axes
 * Level 4.3 Armour
 - Level 1.0 Dodging
 * Level 4.3 Shields
 * Level 4.1 Spellcasting
 + Level 1.7 Necromancy


You had 12 spell levels left.
You knew the following spells:

 Your Spells              Type           Power      Damage    Failure   Level
a - Vampiric Draining     Necr           4%         2d6       80%         3

Your spell library contained the following spells:

 Spells                   Type           Power      Damage    Failure   Level
 Animate Skeleton         Necr           8%         N/A       41%         1
 Pain                     Necr           16%        1d4       41%         1
 Sandblast                Erth           2%         2d4       67%         1
 Ensorcelled Hibernation  Hex/Ice        2%         N/A       80%         2
 Passwall                 Tmut/Erth      0%         N/A       80%         2
 Dazzling Flash           Conj/Hex       2%         N/A       95%         3
 Stone Arrow              Conj/Erth      2%         3d7       95%         3
 Summon Guardian Golem    Hex/Summ       1%         N/A       95%         3
 Swiftness                Air            1%         N/A       95%         3
 Agony                    Necr           4%         N/A       100%        5
 Silence                  Hex/Air        0%         N/A       100%        5
 Orb of Destruction       Conj           0%         9d5       100%        7
 Spellforged Servitor     Conj/Summ      0%         N/A       100%        7


Dungeon Overview and Level Annotations

Branches:
Dungeon (6/15)             Temple (1/1) D:5         Ossuary (1/1)

Altars:
Cheibriados
Dithmenos
Fedhas
Gozag
Hepliaklqana
Kikubaaqudgha
Makhleb
Qazlal
Trog
Uskayaw
Vehumet
Wu Jian
Xom
Zin
The Shining One

Shops:
D:1 [

Annotations:
D:5 1 runed translucent door, Crazy Yiuf


Innate Abilities, Weirdness & Mutations

You are immune to poison.
Your flesh is cold resistant. (rC+)
You are immune to negative energy. (rN+++)
You are immune to unholy pain and torment.
You are vulnerable to heat. (rF-)
You do not drink.


Message History

You block the human zombie's attack. The elf zombie barely misses you.
Your Spellcasting skill increases to level 4!
Okay, then.
You closely miss the elf zombie.
The elf zombie is almost destroyed.
You hit the human zombie. You closely miss the elf zombie.
You hit the elf zombie. You barely miss the elf zombie.
You slash the human zombie! The elf zombie barely misses you.
You block the human zombie's attack. The elf zombie closely misses you. x2
The human zombie barely misses you. The elf zombie closely misses you.
You slash the elf zombie!
You destroy the elf zombie!
Cheibriados appreciates the change of pace.
You slash the human zombie! You slash the elf zombie!
You closely miss the elf zombie. x2; You barely miss the human zombie.
The human zombie hits you but does no damage.
The elf zombie closely misses you. The elf zombie hits you.
* * * LOW HITPOINT WARNING * * *
The human zombie misses you.
The elf zombie hits you but does no damage.
You slash the human zombie!
The human zombie is almost destroyed.
You slash the human zombie! You hit the elf zombie.
You barely miss the elf zombie. You closely miss the elf zombie.
You block the human zombie's attack.
The elf zombie hits you but does no damage.
The elf zombie hits you.
* * * LOW HITPOINT WARNING * * *
The human zombie barely misses you.
The elf zombie hits you but does no damage.
The human zombie hits you.
* * * LOW HITPOINT WARNING * * *
You closely miss the human zombie.
The human zombie is almost destroyed.
You barely miss the elf zombie. You closely miss the elf zombie.
You hit the elf zombie but do no damage.
You hit the human zombie. The elf zombie hits you.
* * * LOW HITPOINT WARNING * * *
The elf zombie hits you.
You die...

...............
...............
...............
...............
...............
...............
........Z......
......Z@.......
......ZZZ......
...............
...............
...............
...............
...............
...............


You could see 3 elf zombies and 2 human zombies.

Vanquished Creatures
  A water moccasin (D:5)
  2 necrophages
  A phantom (D:4)
  An elf zombie (Ossuary)
  2 scorpions
  6 electric eels (D:5)
  2 bullfrog zombies (D:5)
  3 hounds
  A jelly (D:5)
  A bullfrog skeleton (D:5)
  A scorpion zombie (D:5)
  7 adders
  A white imp (D:5)
  3 adder zombies (Ossuary)
  5 worms
  3 dart slugs (D:1)
  4 orcs
  2 bats
  4 endoplasms
  4 giant cockroaches
  7 goblins
  3 hobgoblins
  3 jackals (D:2)
  6 quokkas
  9 ball pythons
  4 frilled lizards
  A jackal zombie (Ossuary)
  6 kobolds
  A kobold zombie (Ossuary)
  An orc zombie (Ossuary)
  5 rats
100 creatures vanquished.

Vanquished Creatures (others)
  5 plants
5 creatures vanquished.

Grand Total: 105 creatures vanquished

Notes
Turn   | Place    | Note
-------+----------+-------------------------------------------
     0 | D:1      | chunkyMonkey the Mummy Fighter began the quest for the Orb.
     0 | D:1      | Reached XP level 1. HP: 18/18 MP: 1/1
    65 | D:1      | Found a faded altar of an unknown god.
   345 | D:1      | Reached XP level 2. HP: 24/24 MP: 2/2
   522 | D:1      | Found Kuoco's Antique Armour Shoppe.
  1415 | D:1      | Reached XP level 3. HP: 28/29 MP: 3/3
  2607 | D:2      | Found a burning altar of Makhleb.
  2690 | D:2      | Reached XP level 4. HP: 32/35 MP: 5/5
  2776 | D:2      | Reached skill level 1 in Spellcasting
  4646 | D:4      | Reached skill level 1 in Dodging
  4646 | D:4      | Reached XP level 5. HP: 33/42 MP: 6/6
  4828 | D:4      | Noticed a phantom
  4847 | D:4      | Killed a phantom
  5090 | D:4      | Noticed a necrophage
  5103 | D:5      | Entered Level 5 of the Dungeon
  5363 | D:4      | Killed a necrophage
  5364 | D:4      | Reached skill level 4 in Fighting
  5364 | D:4      | Reached XP level 6. HP: 32/48 MP: 8/8
  6167 | D:5      | Learned a level 3 spell: Vampiric Draining
  6543 | D:5      | Reached XP level 7. HP: 54/55 MP: 10/10
  7515 | D:5      | Found a runed translucent door.
  7516 | D:5      | Noticed Crazy Yiuf
  7791 | D:5      | Found a staircase to the Ecumenical Temple.
  7796 | Temple   | Entered the Ecumenical Temple
  7871 | Temple   | Became a worshipper of Cheibriados the Contemplative
  8087 | D:5      | Reached skill level 1 in Necromancy
  8649 | D:5      | Reached skill level 5 in Fighting
  8651 | D:5      | Reached XP level 8. HP: 56/62 MP: 13/13
  9077 | D:6      | Found a sand-covered staircase.
  9086 | Ossuary  | Entered an ossuary
  9103 | Ossuary  | HP: 2/62 [elf zombie (3)]
  9103 | Ossuary  | Slain by an elf zombie

Illustrated notes

Levels and vault maps discovered:
D:1:      dpeg_arrival_shrine, layout_loops_ring,
          hellmonk_ecumenical_altar_zigzags, serial_shops, shop
D:2:      layout_loops_cross, basic_altar, st_stairs_11
D:3:      layout_loops_cross, saegor_snake_ambush
D:4:      layout_cave_pools, tso_oasis_becter
D:5:      cheibrodos_two_vegetables, layout_layer_cave,
          minmay_temple_entry_nine_rooms, uniq_crazy_yiuf_cottage
D:6:      wad_pebble_path, layout_loops_ring, enter_ossuary_1,
          hellmonk_bongcloud_opening, roderic_serpentine_path, uniq_duvessa
Temple:   dshaligram_water_room_temple
Ossuary:  ossuary_minmay_tomb_2a

Skill      XL: |  1  2  3  4  5  6  7  8 |
---------------+-------------------------+-----
Axes           | 2 3 |  3.9
Spellcasting   | 1 2 3 4 |  4.1
Armour         | 3 4 |  4.3
Shields        | 3 4 |  4.3
Dodging        | 1 |  1.0
Fighting       | 4 5 |  5.2
Necromancy     | 1 |  1.7

Action                   |  1- 3 |  4- 6 |  7- 9 || total
-------------------------+-------+-------+-------++-------
Melee: War axe           |   138 |   149 |   105 ||   392
Evoke: Wand              |       |       |     8 ||     8
  Use: Scroll            |       |       |     3 ||     3
Armor: Scale mail        |    49 |    63 |    50 ||   162
Dodge: Dodged            |    70 |    54 |    75 ||   199
Block: Buckler           |    32 |    46 |    68 ||   146

Table legend: (Time is in decaauts)
 A = Elapsed time spent in this place.
 B = Non-inter-level travel time spent in this place.
 C = Inter-level travel time spent in this place.
 D = Time resting spent in this place.
 E = Time spent auto-exploring this place.
 F = Levels seen in this place.
 G = Mean time per level.
                   A        B        C        D        E       F      G
               +--------+--------+--------+--------+--------+-----+--------+
         Total |   9443 |   9305 |    138 |   4465 |   3622 |   8 | 1180.4 |
       Dungeon |   9326 |   9207 |    119 |   4465 |   3564 |   6 | 1554.3 |
        Temple |     95 |     76 |     19 |      0 |     58 |   1 |   95.0 |
       Ossuary |     20 |     20 |      0 |      0 |      0 |   1 |   20.0 |
               +--------+--------+--------+--------+--------+-----+--------+

Top non-repeatable levels by time:
     D:5: 3348 daAuts
     D:1: 2239 daAuts
     D:2: 1230 daAuts
     D:3: 1229 daAuts
     D:4: 1158 daAuts
     D:6: 119 daAuts
  Temple: 95 daAuts
 Ossuary: 20 daAuts
